 Dungeon Sprint DCSS version 0.28-a0-79-g444c7a33f5 (webtiles) character file.

Game seed: 9369943252671000361

131 Zeldest the Martial Artist (level 4, 22/32 HPs)
             Began as a Demonspawn Transmuter on Aug 2, 2021.
             Was an Initiate of Cheibriados.
             Quit the game in the Dungeon (Sprint IX: "|||||||||||||||||||||||||||||").
             The game lasted 00:00:38 (61 turns).

Zeldest the Martial Artist (Demonspawn Transmuter)    Turns: 61, Time: 00:00:39

Health: 22/32      AC:  3    Str: 13    XL:     4   Next: 91%
Magic:  3/7        EV: 12    Int: 15    God:    Cheibriados [......]
Gold:   0          SH:  0    Dex: 14    Spells: 6/7 levels left

rFire   . . .      SeeInvis .     - Unarmed
rCold   . . .      Faith    .   (no shield)
rNeg    . . .      Spirit   .   a - +0 robe
rPois   .          Reflect  .   (helmet restricted)
rElec   .          Harm     .   (no cloak)
rCorr   .          Rampage  .   (no gloves)
Will    .....      NoTele   +   (no boots)
Stlth   +.........              (no amulet)
HPRegen 0.10/turn               (no ring)
MPRegen 0.10/turn               (no ring)

@: on berserk cooldown, hasted and slowed, very slow
A: horns 1, sharp scales 1
a: Renounce Religion, Bend Time


You were in the Dungeon.
You worshipped Cheibriados.
Cheibriados was noncommittal.
You visited 1 branch

Inventory:

Armour
 a - a +0 robe (worn)
Scrolls
 g - a scroll of blinking
Potions
 b - a potion of curing
 c - a potion of heal wounds
 e - 2 potions of magic


   Skills:
 - Level 1.0 Fighting
 - Level 1.7 Dodging
 + Level 9.4 Unarmed Combat
 - Level 2.0 Spellcasting
 - Level 1.7 Transmutations


You had 6 spell levels left.
You knew the following spells:

 Your Spells              Type           Power      Damage    Failure   Level
a - Beastly Appendage     Tmut           12%        N/A       11%         1

Your spell library contained the following spells:

 Spells                   Type           Power      Damage    Failure   Level
 Wereblood                Tmut           6%         N/A       16%         2
 Spider Form              Tmut/Pois      2%         N/A       43%         3
 Ice Form                 Ice/Tmut       4%         N/A       83%         4


Dungeon Overview and Level Annotations

Branches:
Dungeon (1/1)

Altars:
Cheibriados
Dithmenos
Elyvilon
Fedhas
Gozag
Hepliaklqana
Kikubaaqudgha
Makhleb
Nemelex Xobeh
Okawaru
Qazlal
Ru
Beogh
Jiyva
Lugonu


Innate Abilities, Weirdness & Mutations

You have a pair of small horns on your head.
You are partially covered in razor-sharp scales. (AC +1, Slay +1)


Message History

You closely miss the ufetubus. Your headbutt misses the ufetubus.
You punch the ufetubus!
You kill the ufetubus!
The giant cockroach zombie bites you but does no damage.
There is an open door here.
Things that are here:
a +0 giant club; an ogre corpse; a hound corpse You punch the giant cockroach zombie!
You destroy the giant cockroach zombie!
You feel a strong urge to attack something.
You are no longer berserk.
You are exhausted.
You feel yourself slow down.
Your transformation is almost over.
You open the door.
Found six altars.
Found a hazy altar of Hepliaklqana.
There is an open door to the Temple here.
Found a viscous altar of Jiyva.
There is a roughly hewn altar of Beogh here.
Found an ancient bone altar of Kikubaaqudgha.
There is a snail-covered altar of Cheibriados here.
You kneel at the altar of Cheibriados.
Cheibriados welcomes you!
Cheibriados begins to support your attributes as your movement slows.
You can now bend time to slow others.
Found a corrupted altar of Lugonu.
There is a shadowy altar of Dithmenos here.
Your horns shrink.
Your talons disappear.
Found a burning altar of Makhleb.
There is a white marble altar of Elyvilon here.
Found a sparkling altar of Nemelex Xobeh.
There is a blossoming altar of Fedhas here.
Found an iron altar of Okawaru.
There is an opulent altar of Gozag here.
Found a stormy altar of Qazlal.
There is a hazy altar of Hepliaklqana here.
Found a sacrificial altar of Ru.
There is a viscous altar of Jiyva here.
Are you sure you want to abandon this character and quit the game? (Confirm with "yes".) ▓▓▓▓▓▓▓▓▓▓▓▓▓▓▓▓▓▓▓▓▓▓▓▓ ..).....'_______@_______ ▓▓▓▓▓▓▓▓▓▓▓▓▓▓▓▓▓▓▓▓▓▓▓▓

There were no monsters in sight!

Vanquished Creatures
  An ogre (D)
  A hound (D)
  A white imp (D)
  An ufetubus (D)
  A bat (D)
  A hobgoblin (D)
  A quokka (D)
  A ball python (D)
  A giant cockroach zombie (D)
  A goblin (D)
10 creatures vanquished.

Notes
Turn   | Place    | Note
-------+----------+-------------------------------------------
     0 | D        | Zeldest the Demonspawn Transmuter began the quest for the
                  | Orb.
     0 | D        | Reached XP level 1. HP: 15/15 MP: 3/3
    12 | D        | Reached skill level 3 in Unarmed Combat
    24 | D        | Reached skill level 4 in Unarmed Combat
    32 | D        | Noticed a hound
    32 | D        | Noticed an ogre
    37 | D        | Killed a hound
    38 | D        | Reached skill level 6 in Unarmed Combat
    38 | D        | Gained mutation: You are partially covered in razor-sharp
                  | scales. (AC +1, Slay +1) [demonic ancestry]
    38 | D        | Reached XP level 2. HP: 21/21 MP: 1/5
    38 | D        | Reached XP level 3. HP: 26/26 MP: 1/6
    40 | D        | Killed an ogre
    41 | D        | Reached skill level 9 in Unarmed Combat
    41 | D        | Mutation became permanent: You have a pair of small horns
                  | on your head. [demonic ancestry]
    41 | D        | Gained mutation: You have a pair of horns on your head.
                  | [demonic ancestry]
    41 | D        | Reached XP level 4. HP: 31/32 MP: 1/7
    50 | D        | Found a snail-covered altar of Cheibriados.
    50 | D        | Found a shadowy altar of Dithmenos.
    50 | D        | Found a blossoming altar of Fedhas.
    50 | D        | Found an opulent altar of Gozag.
    51 | D        | Found a hazy altar of Hepliaklqana.
    52 | D        | Found a viscous altar of Jiyva.
    53 | D        | Found an ancient bone altar of Kikubaaqudgha.
    54 | D        | Became a worshipper of Cheibriados the Contemplative
    55 | D        | Found a corrupted altar of Lugonu.
    56 | D        | Found a burning altar of Makhleb.
    57 | D        | Found a sparkling altar of Nemelex Xobeh.
    58 | D        | Found an iron altar of Okawaru.
    59 | D        | Found a stormy altar of Qazlal.
    60 | D        | Found a sacrificial altar of Ru.
    61 | D        | Quit the game

Illustrated notes

Levels and vault maps discovered:
D:        linesprint [early_d, line_temple, items_1, d_10, items_2, lair_1,
          lair_end, items_3, orc_1, orc_end, items_4, d_15, swamp_1, shoals_1,
          snake_1, spider_1, d_20, vaults_1, items_5, swamp_end, shoals_end,
          snake_end, spider_end, vaults_end, d_27, items_6, zot_1, zot_end,
          crypt_end, forest_end, elf_end, slime_end, tomb_end, abyss_end,
          pan_hell_end]

Skill      XL: |  1  2  3 |
---------------+----------+-----
Unarmed Combat | 6 9 |  9.4
Fighting       | |  1.0
Dodging        | |  1.7
Spellcasting   | |  2.0
Transmutations | |  1.7

Action                   |  1- 3 |  4- 6 || total
-------------------------+-------+-------++-------
Melee: Unarmed           |    24 |     3 ||    27
       Kick              |     5 |       ||     5
       Headbutt          |     4 |       ||     4
 Cast: Beastly Appendage |     4 |       ||     4
  Use: Potion            |     2 |       ||     2
 Stab: Distracted        |     1 |       ||     1
Armor: Robe              |    11 |     1 ||    12
Dodge: Dodged            |     9 |       ||     9

Table legend: (Time is in decaauts)
 A = Elapsed time spent in this place.
 B = Non-inter-level travel time spent in this place.
 C = Inter-level travel time spent in this place.
 D = Time resting spent in this place.
 E = Time spent auto-exploring this place.
 F = Levels seen in this place.
 G = Mean time per level.
                   A        B        C        D        E       F      G
               +--------+--------+--------+--------+--------+-----+--------+
         Total |     55 |     55 |      0 |      0 |      0 |   1 |   55.0 |
       Dungeon |     55 |     55 |      0 |      0 |      0 |   1 |   55.0 |
               +--------+--------+--------+--------+--------+-----+--------+

Top non-repeatable levels by time:
       D: 55 daAuts
